[Event "*** Titled Tuesday Blitz"]
[Site "Chess.com"]
[Date "2021.04.06"]
[Round "6"]
[White "Romadk"]
[Black "Alex_Molchanov"]
[Result "1-0"]
[WhiteElo "2356"]
[BlackElo "2482"]
[TimeControl "180+1"]
[EndTime "11:06:43 PDT"]
[Termination "Romadk won by resignation"]

1. d4 Nf6 2. Nf3 g6 3. c4 Bg7 4. Nc3 d6 5. Bg5 O-O 6. e3 Nbd7 7. Be2 b6 8. Qc2 Bb7 9. O-O c5 10. Rfe1 Rc8 11. Qa4 a6 12. d5 b5 13. cxb5 Nb6 14. Qh4 axb5 15. Bxb5 Nbxd5 16. Nxd5 Bxd5 17. e4 Ba8 18. e5 dxe5 19. Nxe5 Qd5 20. Nf3 Qf5 21. Re5 Qc2 22. Rxe7 Qxb2 23. Rae1 Nd5 24. Bc4 h6 25. Bxd5 hxg5 26. Nxg5 Bh6 27. Qxh6 Qg7 28. Qxg7+ Kxg7 29. Bxa8 Rxa8 30. Ne6+ 1-0

[Event "*** Titled Tuesday Blitz"]
[Site "Chess.com"]
[Date "2021.04.06"]
[Round "6"]
[White "korbul"]
[Black "SergeyShtyka"]
[Result "0-1"]
[WhiteElo "2545"]
[BlackElo "2410"]
[TimeControl "180+1"]
[EndTime "11:06:44 PDT"]
[Termination "SergeyShtyka won by resignation"]

1. e4 c5 2. d4 cxd4 3. c3 dxc3 4. Nxc3 e6 5. Bc4 Nc6 6. Nf3 d6 7. O-O Be7 8. Bf4 e5 9. Be3 Nf6 10. h3 O-O 11. Bg5 Be6 12. Bxf6 Bxc4 13. Bxe7 Qxe7 14.
Nd5 Bxd5 15. Qxd5 Qe6 16. Rfd1 Rfd8 17. a3 Qxd5 18. Rxd5 Kf8 19. Rad1 Ke7 20. g3 f6 21. Kg2 Rac8 22. h4 g6 23. h5 Ke6 24. b4 Ne7 25.
R5d3 d5 26. exd5+ Rxd5 27. Rxd5 Nxd5 28. hxg6 hxg6 29. Rh1 Rc3 30. Rh7 Rc7 31. Rh6 Ne7 32. Rh7 Rc3 33. Rh8 Rxa3 34. Rb8 b6 35. Rb7 Rb3 36. Rxa7 Rxb4 37. Nd2 e4 38. Nf1 Nd5 39. g4 f5 40. g5 f4 41. Kh3 Kf5 42. Kh4 e3 43.
Rf7+ Ke6 44. Rf8 e2 0-1

[Event "*** Titled Tuesday Blitz"]
[Site "Chess.com"]
[Date "2021.04.06"]
[Round "6"]
[White "Nachsueb"]
[Black "ega2006"]
[Result "0-1"]
[WhiteElo "2201"]
[BlackElo "2401"]
[TimeControl "180+1"]
[EndTime "11:06:45 PDT"]
[Termination "ega2006 won by resignation"]

1. d4 Nf6 2. c4 g6 3. Nc3 Bg7 4. e4 d6 5. Be2 O-O 6. Nf3 e5 7.
O-O Nbd7 8. dxe5 dxe5 9. Qc2 c6 10. h3 Re8 11. Rd1 Qe7 12. Be3 Nh5 13. b4 Qxb4 14.
Rab1 Qe7 15. Na4 Nf4 16. Bf1 Ne6 17. c5 Nd4 18. Nxd4 exd4 19. Bxd4 Qxe4 20. Qxe4 Rxe4 21. Bxg7 Kxg7 22. Nc3 Re8 23. Re1 Rxe1 24. Rxe1 Nxc5 25. Re8 b6 26. Bc4 Bb7 27. Re7 Rf8 28. a4 Kf6 29. Rc7 Ke5 30. Rxf7 Rxf7 31. Bxf7 Kd4 32. Ne2+ Kd3 33. Nf4+ Ke4 34. Ne6 Nxe6 35. Bxe6 b5 36. a5 c5 37. Kf1 Kd3 38. Ke1 Bxg2 39. Bd7 b4 40. h4 b3 41. Kd1 Bf3+ 42. Kc1 Kc3 0-1

[Event "*** Titled Tuesday Blitz"]
[Site "Chess.com"]
[Date "2021.04.06"]
[Round "6"]
[White "CraiggoryC"]
[Black "Boorchess"]
[Result "0-1"]
[WhiteElo "2239"]
[BlackElo "2546"]
[TimeControl "180+1"]
[EndTime "11:06:46 PDT"]
[Termination "Boorchess won on time"]

1. e4 d5 2. exd5 Qxd5 3. Nc3 Qa5 4. d4 Nf6 5. Nf3 c6 6. Ne5 Nbd7 7. Nc4 Qc7 8. Qf3 Nb6 9. Bf4 Qd8 10. O-O-O Bg4 11.
Qe3 Bxd1 12. Nd6+ Kd7 13. Nxf7 Qe8 14. Nxh8 Bg4 15. Bd3 e6 16. f3 Bf5 17. Qe5 Rc8 18. Bxf5 exf5 19. Qxf5+ Kd8 20. Bg5 Be7 21. Bxf6 Bxf6 22.
Qxh7 Nc4 23. Ng6 Qe3+ 24. Kb1 Bxd4 25. Rd1 Nd2+ 26. Ka1 Bxc3 27. Qg8+ Kc7 28. Qf7+ Kb8 29. Qf4+ Qxf4 30. Nxf4 Ba5 31. c3 Rd8 0-1

[Event "*** Titled Tuesday Blitz"]
[Site "Chess.com"]
[Date "2021.04.06"]
[Round "6"]
[White "Genghis_K"]
[Black "crescentmoon2411"]
[Result "1-0"]
[WhiteElo "2948"]
[BlackElo "2868"]
[TimeControl "180+1"]
[EndTime "11:06:49 PDT"]
[Termination "Genghis_K won on time"]

1. e4 c5 2. Nf3 e6 3. d4 cxd4 4.
Nxd4 Nc6 5. Nc3 a6 6. Be3 Nf6 7. Qf3 Qc7 8. O-O-O Be7 9. Be2 O-O 10. g4 d6 11. g5 Nd7 12. h4 b5 13. a3 Bb7 14. Qg3 Nc5 15. g6 Nxd4 16. Bxd4 e5 17. Bxc5 Qxc5 18. gxh7+ Kh8 19. Rhg1 Bf6 20. Rd3 g6 21. h5 g5 22. Nd5 Bxd5 23. Rxd5 Qc7 24. Bg4 b4 25. a4 b3 26. Qxb3 Rfb8 27. Qf3 Bg7 28. Rgd1 Rb4 29. Rxd6 Rxa4 30. Rd7 Ra1+ 31. Kd2 1-0

[Event "*** Titled Tuesday Blitz"]
[Site "Chess.com"]
[Date "2021.04.06"]
[Round "6"]
[White "IriBu"]
[Black "Forantes"]
[Result "1-0"]
[WhiteElo "2553"]
[BlackElo "2351"]
[TimeControl "180+1"]
[EndTime "11:06:49 PDT"]
[Termination "IriBu won by resignation"]

1. e4 c5 2. Be2 g6 3. f4 Bg7 4.
Nf3 d6 5. O-O Nc6 6. c3 e5 7. fxe5 dxe5 8. Bb5 Ne7 9. d3 O-O 10.
Be3 b6 11. Qe2 Bb7 12. Nbd2 a6 13. Ba4 b5 14. Bc2 c4 15. dxc4 Na5 16. c5 Rc8 17. b4 Nac6 18. a4 bxa4 19. Bxa4 f5 20. Bb3+ Kh8 21.
Ng5 f4 22. Bf2 Nd5 23. exd5 Qxg5 24. Ne4 Qf5 25. Nd6 Qg5 26. h4 Qe7 27. Nxc8 Bxc8 28. dxc6 e4 29. Bd5 Bf5 30. Rxa6 f3 31. gxf3 Qf6 32.
fxe4 Bc8 33. Bg3 Qxf1+ 34. Qxf1 Rxf1+ 35. Kxf1 Bxa6+ 36. c4 Bc3 37. b5 Bc8 38. b6 Bh3+ 39. Ke2 Bd4 1-0

[Event "*** Titled Tuesday Blitz"]
[Site "Chess.com"]
[Date "2021.04.06"]
[Round "6"]
[White "ENajer77"]
[Black "jefferyx"]
[Result "0-1"]
[WhiteElo "2667"]
[BlackElo "2982"]
[TimeControl "180+1"]
[EndTime "11:06:50 PDT"]
[Termination "jefferyx won by resignation"]

1. d4 Nf6 2. c4 c5 3. d5 b5 4. Nf3 g6 5. Qc2 Bg7 6. e4 bxc4 7. Bxc4 d6 8. O-O O-O 9. Re1 Nfd7 10. Nc3 Ba6 11.
Bxa6 Nxa6 12. Bg5 Nb4 13. Qe2 c4 14. Red1 Nd3 15. Rab1 Rb8 16. Be3 Qa5 17. Nd4 Nxb2 18. Rxb2 Qxc3 19. Rc2 Qa3 20. Nc6 c3 21. Nxe7+ Kh8 22.
Nc6 Rb2 23. h4 Qxa2 24. Rdc1 f5 25. h5 fxe4 26. hxg6 Qxd5 27. Ne7 Qd3 28. Qh5 Nf6 29. Qh3 Rxc2 30. Rxc2 Qxc2 31. gxh7 Qd1+ 32. Kh2 Qh5 33. Qxh5 Nxh5 34. Ng6+ Kxh7 0-1

[Event "*** Titled Tuesday Blitz"]
[Site "Chess.com"]
[Date "2021.04.06"]
[Round "6"]
[White "exoticprincess"]
[Black "esapunov"]
[Result "1-0"]
[WhiteElo "2930"]
[BlackElo "2721"]
[TimeControl "180+1"]
[EndTime "11:06:51 PDT"]
[Termination "exoticprincess won by resignation"]

1. d4 Nf6 2. Bg5 e6 3. e4 h6 4. Bxf6 Qxf6 5. c3 d6 6. Bd3 Nd7 7. Ne2 c5 8. O-O g6 9. f4 Bg7 10. Kh1 a6 11. Nd2 cxd4 12. cxd4 Qe7 13. e5 O-O 14.
Ne4 dxe5 15. fxe5 b5 16. Rc1 Bb7 17. Nd6 Rab8 18. Rc7 Ba8 19. Nf4 Qd8 20. Ra7 g5 21. Nh5 Bd5 22. Bb1 Bxe5 23. dxe5 Nxe5 24. Nf6+ Kg7 25. Qc2 Rh8 26. Nh5+ Kg8 27. Raxf7 1-0

[Event "*** Titled Tuesday Blitz"]
[Site "Chess.com"]
[Date "2021.04.06"]
[Round "6"]
[White "McCarthyStone"]
[Black "tvjosue"]
[Result "0-1"]
[WhiteElo "2395"]
[BlackElo "2571"]
[TimeControl "180+1"]
[EndTime "11:06:51 PDT"]
[Termination "tvjosue won by resignation"]

1. Nf3 g6 2. c4 Bg7 3. Nc3 c5 4. g3 Nc6 5. Bg2 e6 6. O-O Nge7 7. e3 O-O 8. d4 d6 9. b3 b6 10. Bb2 Bb7 11. Rc1 Rc8 12. Qd2 Qc7 13. Rfd1 Rfd8 14.
d5 exd5 15. Nxd5 Nxd5 16. Bxg7 Kxg7 17. cxd5 Nb4 18. Qb2+ Kg8 19. a3 Nxd5 20. Ng5 Ne7 21.
Qf6 Nf5 22. e4 Qe7 23. Qxe7 Nxe7 24. Rc2 h6 25. Nh3 Nc6 26. Nf4 Nd4 27. Rb2 Kf8 28. h4 Ke7 29. Kf1 Ba6+ 30. Kg1 Bb7 31. Kf1 g5 32.
hxg5 hxg5 33. Nd3 Ba6 34. Kg1 Bxd3 35. Rxd3 g4 36. b4 Ke6 37. Rbd2 Ke5 38. f3 gxf3 39.
Bxf3 Rg8 40. Kf2 Rcf8 41. bxc5 dxc5 42. Rd1 Rh8 43. Rh1 Rxh1 44. Bxh1 Rh8 45. Bg2 f6 46. a4 Rd8 47. Bh3 Nc6 48. Rf3 Ne7 49. Bg2 Rd2+ 50.
Ke3 Rxg2 0-1

[Event "*** Titled Tuesday Blitz"]
[Site "Chess.com"]
[Date "2021.04.06"]
[Round "6"]
[White "Louis64"]
[Black "WiktoriaPOL"]
[Result "1-0"]
[WhiteElo "2266"]
[BlackElo "2040"]
[TimeControl "180+1"]
[EndTime "11:06:52 PDT"]
[Termination "Louis64 won by resignation"]

1. e4 c5 2. Nf3 d6 3. d4 cxd4 4. Qxd4 a6 5. Be3 Nc6 6. Qd2 Nf6 7. Nc3 g6 8. O-O-O Qc7 9. Bg5 Bg7 10. Bxf6 Bxf6 11. Nd5 Qb8 12. Nxf6+ exf6 13. Qxd6 Qxd6 14. Rxd6 Ke7 15. Rd2 Be6 16. a3 Rac8 17. Be2 Na5 18. Kb1 Nc4 19. Bxc4 Rxc4 20. Nd4 Rd8 21. Rhd1 Rdc8 22.
c3 R4c7 23. Kc2 h5 24. h4 Bg4 25. f3 Be6 26. Nxe6 fxe6 27. Rd4 b5 28. Rd6 Ra7 29. Rb6 Rcc7 30. Rdd6 Rab7 31. Rxe6+ Kf7 32. Rxf6+ Ke7 33. Rbe6+ Kd7 34. Rxg6 Rb8 35. Rxa6 1-0

[Event "*** Titled Tuesday Blitz"]
[Site "Chess.com"]
[Date "2021.04.06"]
[Round "6"]
[White "UCantHandleDenker"]
[Black "ukchessbomber"]
[Result "1-0"]
[WhiteElo "2601"]
[BlackElo "2483"]
[TimeControl "180+1"]
[EndTime "11:06:53 PDT"]
[Termination "UCantHandleDenker won by resignation"]

1. Nf3 g6 2. d3 Bg7 3. g3 d5 4. Bg2 c5 5. O-O Nc6 6. Nbd2 e5 7. e4 Nf6 8. exd5 Nxd5 9. Re1 O-O 10. a3 f6 11. Rb1 Be6 12. h4 Bf7 13. Ne4 b6 14. c4 Nc7 15. b4 cxb4 16. axb4 Qd7 17. b5 Na5 18. h5 Rad8 19. h6 Bh8 20. Ba3 Rfe8 21. Nd6 Re6 22. Bh3 f5 23. Nxf7 Kxf7 24. Ng5+ Kg8 25. Nxe6 Nxe6 26. Bb2 Ng5 27. Bg2 Nf7 28.
Bd5 Kf8 29. Bxf7 Qxf7 30. Bxe5 Bxe5 31. Rxe5 Nxc4 32. dxc4 Rxd1+ 33. Rxd1 Qxc4 34. Rd7 Qc1+ 35. Kg2 Qxh6 36. Ree7 Qh5 37. Rxh7 1-0

[Event "*** Titled Tuesday Blitz"]
[Site "Chess.com"]
[Date "2021.04.06"]
[Round "6"]
[White "chess4life23"]
[Black "IngOscarArdila"]
[Result "1-0"]
[WhiteElo "2351"]
[BlackElo "2187"]
[TimeControl "180+1"]
[EndTime "11:06:54 PDT"]
[Termination "chess4life23 won by resignation"]

1. d4 Nf6 2. c4 g6 3. Nc3 Bg7 4. e4 d6 5. Be2 O-O 6. Nf3 Nbd7 7. O-O e5 8. Re1 exd4 9. Nxd4 Nc5 10. Bf1 Re8 11.
f3 a5 12. Be3 Bd7 13. Rc1 Ne6 14. Nc2 h5 15. Qd2 Qe7 16. Nd5 Qf8 17. Nd4 Kh7 18.
Nxe6 Bxe6 19. Nxc7 Rec8 20. Nxa8 Rxa8 21. Red1 Rc8 22.
Qxd6 Qe8 23. Qd2 h4 24. Qxa5 Nh5 25. Bd4 Bh6 26. Qe1 Qa4 27. Qxh4 Qxa2 28. g4 Bxc1 29. Rxc1 Bxc4 30. gxh5 Qb3 31. hxg6+ Kxg6 32. Qf6+ Kh5 33.
Qf5+ Kh6 34. Qxc8 Qxf3 35. Qh3+ Qxh3 36. Bxh3 1-0

[Event "*** Titled Tuesday Blitz"]
[Site "Chess.com"]
[Date "2021.04.06"]
[Round "6"]
[White "schondeln"]
[Black "davidkalashian"]
[Result "0-1"]
[WhiteElo "2383"]
[BlackElo "2553"]
[TimeControl "180+1"]
[EndTime "11:06:56 PDT"]
[Termination "davidkalashian won by resignation"]

1. e4 c5 2. Nf3 d6 3. Bc4 Nf6 4. d3 e6 5. Bb3 Be7 6. O-O O-O 7. Nbd2 Nc6 8. c3 b5 9. Re1 b4 10. d4 bxc3 11. bxc3 cxd4 12. cxd4 Nb4 13. Nc4 d5 14. exd5 Nbxd5 15. Nfe5 Bb7 16. Bg5 Rc8 17. Rc1 h6 18. Bh4 Nf4 19. f3 N6d5 20. Bf2 Bb4 21. Rf1 Qg5 22. Bg3 h5 23. Rf2 h4 24. Bxf4 Nxf4 25.
Kh1 Rfd8 26. h3 Nh5 27. Qd3 Qxc1+ 0-1

[Event "*** Titled Tuesday Blitz"]
[Site "Chess.com"]
[Date "2021.04.06"]
[Round "6"]
[White "elegant285"]
[Black "K_A_S_T_O_R"]
[Result "0-1"]
[WhiteElo "2364"]
[BlackElo "2776"]
[TimeControl "180+1"]
[EndTime "11:06:56 PDT"]
[Termination "K_A_S_T_O_R won by resignation"]

1. d4 Nf6 2. c4 g6 3. Nc3 Bg7 4. e4 d6 5. Be2 O-O 6. Bg5 c5 7. d5 e6 8. Qd2 exd5 9. exd5 Qb6 10. Nf3 Bg4 11. O-O Nbd7 12. Rae1 Bxf3 13. Bxf3 Rfe8 14. b3 a6 15. Rxe8+ Rxe8 16. Re1 Qa5 17. Rxe8+ Nxe8 18. Ne4 Qa3 19. Bf4 Be5 20. Be3 b5 21. h4 bxc4 22. bxc4 Nef6 23. Nxf6+ Bxf6 24. Bf4 Be5 25. Bg4 Bxf4 26.
Qxf4 Ne5 27. Be2 Qxa2 28. Qe4 Qa1+ 29. Kh2 Qd4 30. Qc2 Qxh4+ 31. Kg1 Qd4 32. Qb3 Qd2 33. Bf1 Ng4 34. Qg3 h5 35. f3 Ne3 36. Qxd6 Qe1 37.
Qb8+ Kh7 38. Qf4 Qxf1+ 0-1

[Event "*** Titled Tuesday Blitz"]
[Site "Chess.com"]
[Date "2021.04.06"]
[Round "6"]
[White "Kostukov_Alex"]
[Black "Joseacorrea"]
[Result "1-0"]
[WhiteElo "2288"]
[BlackElo "2087"]
[TimeControl "180+1"]
[EndTime "11:06:56 PDT"]
[Termination "Kostukov_Alex won on time"]

1. g3 c6 2. Bg2 d5 3. d3 e6 4. e4 Nf6 5. Qe2 Be7 6. Nf3 O-O 7. O-O Nbd7 8. c4 h6 9. e5 Ne8 10. Nc3 b6 11. h4 Bb7 12. Bf4 Rc8 13. Rad1 a6 14. h5 c5 15. cxd5 exd5 16. e6 Ndf6 17. exf7+ Rxf7 18. Ne5 Rf8 19. Ng6 Rf7 20. Bh3 d4 21.
Ne4 Nxe4 22. dxe4 Rc6 23. Ne5 Rxf4 24. gxf4 Rf6 25. Ng6 Nc7 26. e5 Rf7 27. Bg2 Nd5 28. Qg4 Bf8 29. Rd3 Qc7 30. Rg3 1-0

[Event "*** Titled Tuesday Blitz"]
[Site "Chess.com"]
[Date "2021.04.06"]
[Round "6"]
[White "xurramid77"]
[Black "jonaszmb"]
[Result "1-0"]
[WhiteElo "2622"]
[BlackElo "2500"]
[TimeControl "180+1"]
[EndTime "11:06:57 PDT"]
[Termination "xurramid77 won by checkmate"]

1. e4 c5 2. c3 e5 3. Nf3 Nc6 4.
Bc4 Nf6 5. Ng5 d5 6. exd5 Nxd5 7. d3 Be7 8. Qh5 g6 9. Qf3 Bxg5 10. Bxd5 O-O 11.
Bxg5 Qxg5 12. Nd2 Bg4 13. Qg3 Qf4 14. Qxf4 exf4 15. Ne4 Kg7 16. Bxc6 bxc6 17. Nxc5 Rfe8+ 18. Kf1 a5 19. f3 Bf5 20. Kf2 Rab8 21. b3 Rb5 22. d4 Rd8 23. Rhe1 h5 24. Re7 h4 25. Rae1 h3 26. g4 fxg3+ 27. Kxg3 Rh8 28. R1e5 Rh5 29. Rc7 Rg5+ 30. Kf4 Rg2 31. Ree7 Rxc5 32. Rxf7+ Kh6 33. Rh7# 1-0

[Event "*** Titled Tuesday Blitz"]
[Site "Chess.com"]
[Date "2021.04.06"]
[Round "6"]
[White "grunbergmihai"]
[Black "AlphaHero0"]
[Result "1-0"]
[WhiteElo "2479"]
[BlackElo "2099"]
[TimeControl "180+1"]
[EndTime "11:06:58 PDT"]
[Termination "grunbergmihai won by resignation"]

1. Nf3 Nc6 2. d4 d6 3. c4 f5 4.
Nc3 Nf6 5. d5 Ne5 6. Nxe5 dxe5 7.
g3 e6 8. Bg2 exd5 9. cxd5 Bd6 10. O-O O-O 11. e4 a6 12. Re1 f4 13. gxf4 Bg4 14. f3 Bc5+ 15. Kh1 Bh5 16. fxe5 Nd7 17. e6 Ne5 18. Be3 Bd6 19. Rf1 Qh4 20. Bf2 Qf6 21. Bg3 Bxf3 22. Bxf3 Nxf3 23. e5 Bxe5 24. Bxe5 Qxe5 25. Rxf3 b5 26. Rxf8+ Rxf8 27. Qe2 Qd6 28.
Rd1 Re8 29. Ne4 Qe5 30. Ng3 Qg5 31. Kg2 h6 32. Qe4 h5 33. Qf5 1-0

[Event "*** Titled Tuesday Blitz"]
[Site "Chess.com"]
[Date "2021.04.06"]
[Round "6"]
[White "sau6on"]
[Black "fastestmindalive"]
[Result "0-1"]
[WhiteElo "2361"]
[BlackElo "2764"]
[TimeControl "180+1"]
[EndTime "11:06:59 PDT"]
[Termination "fastestmindalive won by checkmate"]

1. e4 c5 2. Nf3 Nc6 3. d4 cxd4 4. Nxd4 Nf6 5. Nc3 d6 6. Bg5 e6 7.
Qd2 a6 8. O-O-O Bd7 9. f4 b5 10. Bxf6 gxf6 11. Kb1 Qb6 12. Nxc6 Bxc6 13. f5 b4 14. Ne2 e5 15. Ng3 h5 16. h4 Qc5 17.
Qe2 a5 18. Nxh5 Ke7 19. g4 Rxh5 20. gxh5 Bh6 21. Rh3 a4 22. Qd3 Rg8 23. Rg3 Rxg3 24. Qxg3 Bxe4 25. Bd3 Bd5 26. Qe1 b3 27. cxb3 axb3 28.
a3 Bf3 29. Rc1 Bxc1 30. Qxc1 Qd4 31. Qc7+ Kf8 32. Qd8+ Kg7 33. h6+ Kh7 34. Qxf6 Qxd3+ 35. Ka1 Qd1# 0-1

[Event "*** Titled Tuesday Blitz"]
[Site "Chess.com"]
[Date "2021.04.06"]
[Round "6"]
[White "kubal123"]
[Black "Vesper2018"]
[Result "1-0"]
[WhiteElo "2244"]
[BlackElo "2543"]
[TimeControl "180+1"]
[EndTime "11:07:00 PDT"]
[Termination "kubal123 won by resignation"]

1. Nf3 Nf6 2. g3 g6 3. Bg2 Bg7 4. O-O O-O 5. d4 d6 6. c4 Nc6 7.
Nc3 a6 8. d5 Na5 9. Nd2 c5 10. e4 b5 11. cxb5 axb5 12. Nxb5 Ba6 13. a4 Qb6 14. Re1 Bxb5 15. axb5 Qxb5 16. e5 dxe5 17. Rxe5 Rfd8 18. Rxe7 Rab8 19. Nb1 Nb3 20. Nc3 Qb6 21. Raa7 Rf8 22. Bf4 Rbc8 23. Rab7 Qd8 24. Qxb3 Re8 25. d6 c4 26. Qb5 Ra8 27. Rxe8+ Nxe8 28. d7 1-0

[Event "*** Titled Tuesday Blitz"]
[Site "Chess.com"]
[Date "2021.04.06"]
[Round "6"]
[White "Alex-11211"]
[Black "Kapibara_Warri0r"]
[Result "1-0"]
[WhiteElo "2415"]
[BlackElo "2248"]
[TimeControl "180+1"]
[EndTime "11:07:00 PDT"]
[Termination "Alex-11211 won by resignation"]

1. e4 e5 2. Bc4 Nf6 3. Nc3 c6 4. Nf3 d5 5. exd5 cxd5 6. Bb5+ Bd7 7. Nxe5 Bxb5 8. Nxb5 a6 9. Nd4 Bd6 10. Ndf3 O-O 11. d4 Nc6 12. O-O Ne4 13. Bf4 Ne7 14.
Nd2 f6 15. Nd3 Bxf4 16. Nxf4 Qd6 17. Ne2 f5 18. f3 Ng5 19. Nb3 f4 20. Qd2 Rae8 21.
Rae1 Ng6 22. Nc5 b6 23. Nd3 Nh4 24. Nexf4 Qh6 25. Rxe8 Rxe8 26. Kh1 Nf5 27. Re1 Ng3+ 28. Kg1 N3e4 29. fxe4 Nxe4 30. Qe3 Rf8 31. Nxd5 Qxe3+ 32. Rxe3 1-0

[Event "*** Titled Tuesday Blitz"]
[Site "Chess.com"]
[Date "2021.04.06"]
[Round "6"]
[White "PLAYER_2006_M"]
[Black "CSB7"]
[Result "0-1"]
[WhiteElo "2520"]
[BlackElo "2684"]
[TimeControl "180+1"]
[EndTime "11:07:02 PDT"]
[Termination "CSB7 won by resignation"]

1. d4 Nf6 2. Nc3 d5 3. Bf4 c5 4. e3 cxd4 5. exd4 a6 6. Nf3 Nc6 7. Ne5 Bd7 8. Nxc6 Bxc6 9. Bd3 e6 10. O-O Be7 11. Qf3 Rc8 12. Ne2 Bb5 13. Bxb5+ axb5 14. Qb3 Qd7 15. a3 O-O 16. Nc3 b4 17. axb4 Rc4 18. Be5 Rxb4 19. Qa2 Rc8 20. Rfe1 Ng4 21.
Bg3 Rxd4 22. h3 Nf6 23. Rad1 Rxd1 24. Rxd1 Qc6 25. Rd4 Bc5 26. Ra4 h6 27. Be5 Nd7 28. Bd4 Nb6 29. Bxc5 Nxa4 30. Qxa4 Qxc5 31. Qd7 Qc7 32.
Qb5 d4 33. Ne4 Qxc2 34. Qxb7 Qc1+ 35. Kh2 Qc7+ 36. Qxc7 Rxc7 37. Kg3 Rb7 38. Kf4 Rxb2 39. Ke5 d3 40. Kd4 d2 41. Nc3 Rc2 0-1

[Event "*** Titled Tuesday Blitz"]
[Site "Chess.com"]
[Date "2021.04.06"]
[Round "6"]
[White "Skatchkov_V"]
[Black "Lion-Al-Messi"]
[Result "1-0"]
[WhiteElo "2613"]
[BlackElo "2496"]
[TimeControl "180+1"]
[EndTime "11:07:02 PDT"]
[Termination "Skatchkov_V won on time"]

1. a3 e5 2. e4 Nf6 3. d4 exd4 4. e5 Qe7 5. Nf3 Nc6 6. Be2 Nxe5 7. Nxd4 d6 8. O-O Qd8 9. c4 Be7 10. Nc3 O-O 11. Bf4 a6 12. Qc2 Bg4 13. Rad1 Qc8 14. Rfe1 Bxe2 15. Rxe2 Ng6 16. Bg3 Qg4 17. h3 Qh5 18. Rde1 Rae8 19. Nd5 Nxd5 20. cxd5 Qxd5 21. Nf5 Qa5 22. b4 Qxa3 23. Nxe7+ Nxe7 24. Rxe7 Rxe7 25. Rxe7 Qxb4 26. Qxc7 b5 27. Bxd6 Qb1+ 28. Kh2 Qf5 29. Rd7 Re8 30. Rd8 Qe6 31. Be7 1-0

[Event "*** Titled Tuesday Blitz"]
[Site "Chess.com"]
[Date "2021.04.06"]
[Round "6"]
[White "kingnb"]
[Black "vinniethepooh"]
[Result "1-0"]
[WhiteElo "2594"]
[BlackElo "2720"]
[TimeControl "180+1"]
[EndTime "11:07:03 PDT"]
[Termination "kingnb won by resignation"]

1. d4 Nf6 2. Nf3 d5 3. e3 e6 4. Bd3 c5 5. c3 Nc6 6. Nbd2 Bd6 7.
O-O O-O 8. Qe2 e5 9. dxc5 Bxc5 10. e4 Bg4 11. exd5 Nxd5 12. Nb3 Be7 13. Rd1 Qb6 14.
Bxh7+ Kxh7 15. Rxd5 f5 16. h3 Bh5 17. Ng5+ Kg6 18. g4 fxg4 19. Qe4+ Rf5 20. Be3 Qc7 21.
hxg4 Bxg4 22. Qxg4 Bxg5 23. Rad1 Rd8 24. Nc5 Rxd5 25.
Rxd5 Ne7 26. Bxg5 Nxd5 27. Bd8+ Kh6 28. Bxc7 Rg5 29. Qxg5+ Kxg5 30. Bxe5 1-0

[Event "*** Titled Tuesday Blitz"]
[Site "Chess.com"]
[Date "2021.04.06"]
[Round "6"]
[White "DeTimmerman"]
[Black "mikolka1985"]
[Result "1-0"]
[WhiteElo "2843"]
[BlackElo "2670"]
[TimeControl "180+1"]
[EndTime "11:07:07 PDT"]
[Termination "DeTimmerman won by resignation"]

1. b4 d5 2. Bb2 Bf5 3. e3 e6 4. c4 Nf6 5. b5 Be7 6. a4 O-O 7. Nf3 Nbd7 8. Be2 h6 9. O-O c6 10.
Nd4 Bxb1 11. Qxb1 Rc8 12. Rc1 c5 13. Nf3 Bd6 14. h3 Qe7 15. d4 cxd4 16. Nxd4 Nb6 17. cxd5 Nbxd5 18. Bf3 Nb6 19. Qd3 Nbd7 20. Qd1 Ne5 21. Be2 g6 22. Nf3 Nfd7 23. Nxe5 Bxe5 24.
Bxe5 Nxe5 25. Qd4 Nd7 26. Qxa7 Nc5 27. Bf3 Qd6 28. Rd1 Qe5 29. Rac1 Nd3 30. Rxc8 Rxc8 1-0

[Event "*** Titled Tuesday Blitz"]
[Site "Chess.com"]
[Date "2021.04.06"]
[Round "6"]
[White "GoltsevDmitry2000"]
[Black "2346PL"]
[Result "1-0"]
[WhiteElo "2745"]
[BlackElo "2501"]
[TimeControl "180+1"]
[EndTime "11:07:07 PDT"]
[Termination "GoltsevDmitry2000 won by resignation"]

1. e4 c5 2. Nf3 Nf6 3. Nc3 Nc6 4.
d4 d5 5. dxc5 d4 6. Nb5 e5 7.
Nd6+ Bxd6 8. cxd6 Qxd6 9. Bd3 O-O 10. a3 a6 11. O-O b5 12. Bd2 Bb7 13. Nh4 Ne7 14. f3 Qd7 15. Qe1 Rfc8 16. g4 Ne8 17.
Qg3 Kh8 18. Qxe5 Nf6 19. Kh1 Ng6 20. Nxg6+ hxg6 21. Qg3 Kg8 22. h4 Re8 23. Rf2 Rac8 24. Rh2 Rc5 25. Rg1 Rec8 26. h5 Rxc2 27. Bxc2 Rxc2 28.
hxg6 fxg6 29. Qe5 d3 30. Bb4 Rxh2+ 31. Kxh2 Qc6 32. Kg3 Qb6 33. Rh1 Bxe4 34. Qd6 Qxd6+ 35. Bxd6 Bd5 36. Rd1 Bc4 37. b3 Bxb3 38. Rxd3 Bc4 39. Re3 Nd5 40. Re8+ Kf7 41. Ra8 Ne3 42. Rxa6 Ke6 43.
Bc5+ Kd5 44. Bxe3 1-0

[Event "*** Titled Tuesday Blitz"]
[Site "Chess.com"]
[Date "2021.04.06"]
[Round "6"]
[White "Sueetin"]
[Black "Zmof"]
[Result "1-0"]
[WhiteElo "2403"]
[BlackElo "2216"]
[TimeControl "180+1"]
[EndTime "11:07:09 PDT"]
[Termination "Sueetin won by resignation"]

1. d4 f5 2. Nc3 Nf6 3. Bg5 c6 4. e3 Ne4 5. Nxe4 fxe4 6. f4 d5 7. Be2 Bf5 8. g4 Bg6 9. f5 Bf7 10. Nh3 Qa5+ 11. c3 Nd7 12. Nf4 O-O-O 13. b4 Qa3 14.
Qb3 Qxb3 15. axb3 Kb8 16. Ne6 Bxe6 17. fxe6 Nf6 18. Bf4+ Ka8 19. Bc7 Rc8 20. Bb6 a6 21.
g5 Ne8 22. Kd2 g6 23. h4 Bg7 24. Rhf1 Nd6 25. Bc5 Rhf8 26. Rxf8 Bxf8 27. Rf1 Re8 28. Bg4 Kb8 29. Bxd6+ exd6 30. Rf7 b6 31. Rxh7 c5 32.
Rh8 Kc7 33. e7 Rxe7 34. Rxf8 Rf7 35. Rxf7+ 1-0

[Event "*** Titled Tuesday Blitz"]
[Site "Chess.com"]
[Date "2021.04.06"]
[Round "6"]
[White "Volodar_Murzin"]
[Black "MartinHollan"]
[Result "0-1"]
[WhiteElo "2737"]
[BlackElo "2585"]
[TimeControl "180+1"]
[EndTime "11:07:10 PDT"]
[Termination "MartinHollan won on time"]

1. e4 e5 2. Nf3 Nc6 3. Bb5 a6 4. Ba4 Nf6 5. O-O Bc5 6. d3 d6 7. a3 Ba7 8. Nc3 Bg4 9. Be3 b5 10. Bb3 Nd4 11. Bxd4 Bxd4 12. h3 Bxc3 13. bxc3 Bh5 14. a4 O-O 15. axb5 axb5 16. Rxa8 Qxa8 17. g4 Bg6 18. Nh4 Nd7 19. Qa1 Qb7 20. Rb1 Nc5 21. Qb2 Bxe4 22. dxe4 Nxe4 23. Re1 Ng5 24. Re3 Kh8 25.
Qc1 e4 26. Qd2 f6 27. Qd5 Qb8 28. Nf5 Qa7 29. Kg2 Nf3 30. Qxe4 Ne5 31. f4 Ng6 32. Qd4 Qa8+ 0-1

[Event "*** Titled Tuesday Blitz"]
[Site "Chess.com"]
[Date "2021.04.06"]
[Round "6"]
[White "Fischerev7"]
[Black "mamonika"]
[Result "1-0"]
[WhiteElo "2276"]
[BlackElo "2023"]
[TimeControl "180+1"]
[EndTime "11:07:11 PDT"]
[Termination "Fischerev7 won by resignation"]

1. e4 c5 2. Nf3 Nc6 3. d4 cxd4 4. Nxd4 g6 5. c4 Bg7 6. Be3 Nf6 7. Nc3 d6 8. Be2 O-O 9. Qd2 Bd7 10. O-O Nxd4 11. Bxd4 Bc6 12. Qc2 a5 13. Rad1 Nd7 14. Bxg7 Kxg7 15.
f4 Nc5 16. e5 Qb6 17. Kh1 dxe5 18. fxe5 Rad8 19. Nd5 Bxd5 20. cxd5 Nd7 21. d6 e6 22. Qe4 Qxb2 23. Rd4 Nc5 24. Qe3 Qxa2 25. h4 h5 26. Bxh5 g5 27. Qxg5+ 1-0